 Dungeon Crawl Stone Soup version 0.27-a0-1200-g94dc6ad4cf (webtiles) character file.

Game seed: 2184649356642177938

1526 Shayle the Skirmisher (level 8, -6/82 (87) HPs)
             Began as an Ogre Warper on May 31, 2021.
             Killed from afar by a white imp (13 damage)
             ... with a puff of frost
             ... summoned by Eustachio
             ... on level 6 of the Dungeon.
             The game lasted 00:20:14 (9158 turns).

Shayle the Skirmisher (Ogre Warper)                 Turns: 9158, Time: 00:20:16

HP:   -6/82 (87)    AC:  0    Str: 16    XL:     8   Next: 85%
MP:   12/17         EV: 15    Int: 16    God:
Gold: 270           SH:  0    Dex:  8    Spells: 6/19 levels left

rFire    . . .     SeeInvis .   (weapon currently unavailable)
rCold    . . .     Faith    .   (shield currently unavailable)
rNeg     . . .     Spirit   .   (armour currently unavailable)
rPois    .         Reflect  .   (helmet currently unavailable)
rElec    .         Harm     .   (cloak currently unavailable)
rCorr    .         Rampage  .   (gloves unavailable)
Will     .....                  (boots unavailable)
Stlth    +.........             (no amulet)
HPRegen  0.23/turn              (ring currently unavailable)
MPRegen  0.15/turn              (ring currently unavailable)

@: about to teleport, pig-form, drained, very quick
A: fast, no casting, small, unfitting armour, (tough skin 1)
a: no special abilities


You were on level 6 of the Dungeon.
You were a filthy swine.
You visited 1 branch of the dungeon, and saw 7 of its levels.
You also visited: Sewer.

You collected 270 gold pieces.

Inventory:

Hand Weapons
 a - a +0 spear
 f - a +6 dagger of flaming
 j - a +1 scimitar of holy wrath
 k - a +0 great sword
 n - a +0 giant spiked club (melded)
Missiles
 h - 5 boomerangs (quivered)
Armour
 b - a +1 robe (melded)
 i - a +0 buckler
Jewellery
 e - a ring of fire (melded)
Scrolls
 c - 2 scrolls of identify
Potions
 d - 2 potions of degeneration
 l - a potion of attraction {unknown}
 m - a potion of might {unknown}


   Skills:
 + Level 7.0 Fighting
 - Level 2.1 Polearms
 - Level 1.0 Throwing
 + Level 5.0 Dodging
 - Level 0.1 Stealth
 + Level 2.6 Shields
 + Level 6.0 Spellcasting
 + Level 5.3 Translocations


You had 6 spell levels left.
You knew the following spells:

 Your Spells              Type           Power      Damage    Failure   Level
a - Blink                 Tloc           N/A        N/A       2%          2
b - Teleport Other        Tloc           22%        N/A       4%          3
c - Manifold Assault      Tloc           22%        N/A       38%         5
d - Confusing Touch       Hex            4%         N/A       38%         3

Your spell library contained the following spells:

 Spells                   Type           Power      Damage    Failure   Level
 Gell's Gravitas          Tloc           11%        N/A       4%          3
 Lesser Beckoning         Tloc           11%        N/A       4%          3
 Animate Skeleton         Necr           8%         N/A       14%         1
 Pain                     Necr           16%        1d4       14%         1
 Vampiric Draining        Necr           2%         2d6       38%         3
 Animate Dead             Necr           2%         N/A       80%         4
 Petrify                  Tmut/Erth      4%         N/A       80%         4
 Agony                    Necr           4%         N/A       98%         5
 Metabolic Englaciation   Hex/Ice        2%         N/A       98%         5
 Yara's Violent Unravell  Hex/Tmut       2%         3d3       98%         5


Dungeon Overview and Level Annotations

Branches:
Dungeon (7/15)             Temple (0/1) D:6           Sewer (visited)

Altars:
Cheibriados
Fedhas
Qazlal

Shops:
D:1 [   D:4 *

Annotations:
D:6 Eustachio
D:7 Menkaure


Innate Abilities, Weirdness & Mutations

You are a filthy swine.
You move quickly.
Your equipment is almost entirely melded.
You are incapable of wielding weapons or throwing items.
You cannot cast spells.
You are too large for most types of armour.
((You have tough skin. (AC +1)))


Message History

You climb downwards.
A bullfrog and Menkaure come into view.
Menkaure shouts!
There is a stone staircase leading up here.
You climb upwards.
Level annotation: Eustachio Eustachio gestures wildly while chanting.
There is a stone staircase leading down here.
Okay, then.
Casting: Confusing Touch (dangerous; 38% risk of failure)
Confirm with . or Enter, or press ? or * to list all spells.
Okay, then.
Eustachio casts a spell.
The white imp sputters.
Your magical contamination has completely faded away.
You hit Eustachio but do no damage.
Eustachio zaps a wand.
You easily resist.
The crimson imp blinks!
Eustachio closely misses you.
Unknown command.
You barely miss Eustachio.
The white imp laughs crazily.
The white imp gestures at you. The puff of frost hits you!
You feel a terrible chill!
Eustachio zaps a wand.
You turn into a filthy swine.
Your +0 giant spiked club melds into your body.
Your +1 robe melds into your body.
Your ring of fire melds into your body.
The white imp closely misses you.
Unknown command.
As you read the scroll of teleportation, it crumbles to dust.
You feel strangely unstable.
Your front trotters stop glowing.
Eustachio zaps a wand.
You easily resist.
The white imp hits you. The white imp freezes you. The crimson imp hits you.
* * * LOW HITPOINT WARNING * * *
Eustachio hits you from afar with a +0 bardiche!
* * * LOW HITPOINT WARNING * * *
The white imp shouts, "Begone, thou jarring weeb-spouting death-token!"
The white imp gestures at you. The puff of frost hits you!
You die...

#..##.# #.....#.#....
##.##.# #.....#.##'''
####.##.# #.....#.#....
.....##.# #.....#.#....
......#.# #######.#..8.
......#5# #......
..#888#@####### #......
..8...8.5.....#####......
..8.>.85h.............###
..8.(.8.......#####.###
###8.8#.######### #.#
.....[..# #...# #.#
.######## #.#.# #.#
#####.#.###.# ###
#...........# #..
#.###.#.###.###.# #.#
#.#.#.#...#.#


You could see Eustachio, a crimson imp (summoned) and 2 white imps.

Vanquished Creatures
  A necrophage (D:5)
  3 ogres
  A centaur (D:6)
  Blork the orc (D:5)
  2 bullfrogs (Sewer)
  2 scorpions
  A wyvern skeleton (D:6)
  5 wights (D:6)
  A hound (D:6)
  An orc priest (D:3)
  A jelly (D:5)
  A centaur skeleton (D:5)
  An iguana (D:5)
  2 orc wizards
  A mummy (D:6)
  A howler monkey zombie (D:6)
  A gnoll (D:6)
  13 adders
  4 dart slugs
  7 orcs
  17 endoplasms
  26 giant cockroaches
  8 goblins
  11 hobgoblins
  11 jackals
  8 kobolds
  24 quokkas
  15 ball pythons
  3 bats
  16 frilled lizards
  7 rats
196 creatures vanquished.

Notes
Turn   | Place    | Note
-------+----------+-------------------------------------------
     0 | D:1      | Shayle the Ogre Warper began the quest for the Orb.
     0 | D:1      | Reached XP level 1. HP: 22/22 MP: 3/3
   133 | D:1      | Reached XP level 2. HP: 4/29 MP: 5/5
   595 | D:1      | Learned a level 2 spell: Blink
   830 | D:1      | Reached skill level 3 in Fighting
   831 | D:1      | Reached XP level 3. HP: 29/37 MP: 7/7
   933 | D:1      | Learned a level 3 spell: Teleport Other
  1066 | D:1      | Found Qoyrph's Armour Boutique.
  1285 | D:2      | Found a blossoming altar of Fedhas.
  1724 | D:2      | Reached XP level 4. HP: 32/45 MP: 8/8
  3108 | D:3      | Found a stormy altar of Qazlal.
  3206 | D:3      | Reached XP level 5. HP: 54/54 MP: 10/10
  3356 | D:3      | Reached skill level 4 in Fighting
  4084 | D:4      | Noticed an ogre
  4099 | D:3      | Killed an ogre
  4100 | D:3      | Reached XP level 6. HP: 53/63 MP: 10/12
  4194 | D:4      | Found a blossoming altar of Fedhas.
  4400 | D:4      | Found a glowing drain.
  4417 | Sewer    | Entered a sewer
  4611 | Sewer    | Learned a level 5 spell: Manifold Assault
  4788 | Sewer    | Reached skill level 5 in Fighting
  4866 | Sewer    | Reached XP level 7. HP: 39/72 MP: 13/13
  5634 | D:4      | Found Ihaqicw's General Store.
  5964 | D:5      | Entered Level 5 of the Dungeon
  6161 | D:4      | Reached skill level 5 in Spellcasting
  6615 | D:5      | Learned a level 3 spell: Confusing Touch
  6807 | D:5      | Noticed Blork the orc
  6824 | D:5      | Killed Blork the orc
  6825 | D:5      | Reached skill level 1 in Shields
  6972 | D:5      | Reached skill level 6 in Fighting
  6972 | D:5      | Reached XP level 8. HP: 77/83 MP: 14/16
  7828 | D:6      | Reached skill level 5 in Translocations
  8967 | D:6      | Found a snail-covered altar of Cheibriados.
  9087 | D:6      | Noticed a two-headed ogre
  9125 | D:6      | Reached skill level 5 in Dodging
  9132 | D:6      | Reached skill level 7 in Fighting
  9136 | D:6      | Noticed a troll
  9137 | D:6      | Noticed Eustachio
  9145 | D:6      | Found a staircase to the Ecumenical Temple.
  9151 | D:7      | Noticed Menkaure
  9158 | D:6      | Killed from afar by a white imp

Illustrated notes

Levels and vault maps discovered:
D:1:      nzn_arrival_depleted_hourglass, layout_basic, serial_shops,
          nicolae_shop_waterfront
D:2:      layout_loops_ring, basic_altar, minmay_misc_feat_plants,
          minmay_crystal_water
D:3:      minmay_evil_eye, layout_basic, nicolae_qazlal_general_emergency
D:4:      layout_rooms, fedhas_ov_isle_minmay, demons_altar,
          portal_sewer_entry_f, serial_shops, nicolae_shop_trees,
          hangedman_decor_points
D:5:      layout_rooms, uniq_blork_the_orc
D:6:      hangedman_cross_stitches, layout_basic, slow_altar_2,
          minmay_temple_entry_statues, gammafunk_ghost_mausoleum, uniq_eustachio
D:7:      layout_cave_pools, grunt_temple_overflow_open, grunt_decor_arrowhead,
          uniq_prince_ribbit1, uniq_menkaure, uniq_joseph

Skill      XL: |  1  2  3  4  5  6  7  8 |
---------------+-------------------------+-----
Translocations | 3 4 5 |  5.3
Fighting       | 3 4 5 6 7 |  7.0
Spellcasting   | 3 4 5 6 |  6.0
Dodging        | 3 4 5 |  5.0
Shields        | 1 2 |  2.6
Polearms       | |  2.1
Throwing       | |  1.0
Stealth        | |  0.1

Action                   |  1- 3 |  4- 6 |  7- 9 || total
-------------------------+-------+-------+-------++-------
Melee: Spear             |   171 |   121 |       ||   292
       Dagger            |       |   170 |   139 ||   309
       Scimitar          |       |       |    90 ||    90
       Giant spiked club |       |       |     2 ||     2
Throw: Boomerang         |     5 |       |     2 ||     7
 Cast: Teleport Other    |       |     3 |     6 ||     9
       Confusing Touch   |       |       |     3 ||     3
       Manifold Assault  |       |       |     1 ||     1
  Use: Scroll            |     2 |     6 |     5 ||    13
       Potion            |       |     2 |     3 ||     5
 Stab: Invisible         |       |     2 |       ||     2
       Sleeping          |       |     1 |       ||     1
       Distracted        |       |       |     1 ||     1
Armor: Robe              |    41 |    88 |    63 ||   192
       Skin              |       |    10 |    15 ||    25
Dodge: Dodged            |   100 |   158 |   117 ||   375
       Rpst.: Scimitar   |       |       |    15 ||    15

Table legend: (Time is in decaauts)
 A = Elapsed time spent in this place.
 B = Non-inter-level travel time spent in this place.
 C = Inter-level travel time spent in this place.
 D = Time resting spent in this place.
 E = Time spent auto-exploring this place.
 F = Levels seen in this place.
 G = Mean time per level.
                   A        B        C        D        E       F      G
               +--------+--------+--------+--------+--------+-----+--------+
         Total |   9309 |   9149 |    160 |   3865 |   3095 |   8 | 1163.6 |
       Dungeon |   8072 |   7912 |    160 |   3278 |   3037 |   7 | 1153.1 |
         Sewer |   1237 |   1237 |      0 |    587 |     58 |   1 | 1237.0 |
               +--------+--------+--------+--------+--------+-----+--------+

Top non-repeatable levels by time:
     D:3: 1652 daAuts
     D:6: 1484 daAuts
     D:5: 1410 daAuts
     D:1: 1308 daAuts
   Sewer: 1237 daAuts
     D:2: 1120 daAuts
     D:4: 1093 daAuts
     D:7: 1 daAuts
